Map: Apotheosis LE

Players

Nickos - Winner!

  • Race: Terran Terran
  • League: Gold

Smacko

  • Race: Protoss Protoss
  • League: Gold

VOD

Have the link to the VOD?

Description

Time

  • Played on: Sept. 1, 2016, 7:50 a.m.
  • Length: 15:23
Show
View Real Time Build Order
Export as new Build Order

Nickos Terran - Winner!

Build Orders: Reaper Expand, MMM Bio 

Get SALT Encoding   

  12  0:00  SCV  
  13  0:13  SCV  
  14  0:17  Supply Depot  
  14  0:25  SCV  
  15  0:38  SCV  
  15  0:41  Barracks  
  16  0:44  Refinery  
  16  0:50  SCV  
  17  1:03  SCV  
  18  1:15  SCV  
  19  1:30  Orbital Command  
  19  1:32  Reaper  
  20  1:49  Command Center  
  20  1:54  Supply Depot  
  20  1:57  SCV  
  21  2:09  SCV  
  22  2:16  Barracks Reactor  
  22  2:29  SCV  
  23  2:37  Factory  
  23  2:38  Refinery  
  23  2:45  Barracks  
  23  2:53  SCV  
  23  2:54  Supply Depot, Marine x2  
  25  3:06  SCV  
  25  3:07  Orbital Command  
  26  3:13  Marine x2  
  28  3:25  Factory Reactor  
  28  3:33  SCV  
  29  3:39  SCV  
  29  3:40  Marine x2  
  32  3:41  Barracks Tech Lab  
  32  3:42  Starport  
  32  3:45  SCV  
  33  3:51  SCV  
  34  3:56  Supply Depot  
  34  3:57  SCV  
  34  3:59  Marine x3  
  38  4:03  SCV  
  38  4:04  Stimpack  
  38  4:09  SCV  
  40  4:15  SCV  
  41  4:17  Marine x2  
  41  4:19  Marine  
  41  4:21  SCV  
  45  4:25  Factory Reactor  
  45  4:27  SCV  
  46  4:31  Supply Depot  
  46  4:33  Medivac x2, SCV  
  46  4:35  Marine x2  
  53  4:39  SCV, Marine  
  55  4:45  SCV  
  55  4:51  SCV  
  55  4:53  Supply Depot  
  53  5:02  SCV  
  53  5:03  SCV  
  53  5:06  Medivac x2  
  59  5:13  Marine x3  
  59  5:14  SCV  
  63  5:16  Widow Mine  
  63  5:18  Widow Mine  
  63  5:19  Command Center  
  67  5:23  Supply Depot  
  67  5:24  SCV  
  68  5:29  SCV  
  68  5:31  Marine x2  
  71  5:36  Medivac, SCV  
  71  5:41  Marine, SCV  
  76  5:48  SCV  
  76  5:49  Marine x2  
  79  5:51  Medivac  
  79  5:53  SCV  
  82  6:00  SCV  
  83  6:08  Marine x3  
  86  6:20  Engineering Bay  
  86  6:22  Engineering Bay  
  86  6:24  Supply Depot  
  86  6:25  Supply Depot  
  86  6:30  Medivac  
  86  6:31  Orbital Command, SCV x2  
  90  6:38  Barracks  
  90  6:40  Barracks  
  90  6:41  Widow Mine x2, Barracks  
  90  6:42  Marine x3  
  90  6:43  SCV x2  
  90  6:44  Combat Shields  
  99  6:57  Refinery  
  99  6:58  Refinery  
  99  7:00  Marine x2, SCV x3  
  101  7:12  SCV  
  101  7:23  Marine x3  
  102  7:30  Marine x3  
  102  7:33  Medivac  
  102  7:34  Medivac  
  107  7:38  SCV  
  107  7:39  SCV x2  
  107  7:41  Marine x3  
  109  7:47  Marine  
  109  7:48  Marine  
  109  7:50  SCV  
  109  7:51  SCV x2  
  113  7:57  Marine  
  114  7:58  Marine  
  114  7:59  Marine x2  
  117  8:23  Terran Infantry Weapons Level 1  
  117  8:36  Barracks Reactor  
  117  8:37  Barracks Reactor  
  117  9:25  SCV, Marine x2  
  117  9:26  SCV  
  117  9:27  Marine  
  117  9:33  SCV  
  117  9:39  SCV, Marine  
  117  9:40  Marine x2  
  117  9:41  Marine, SCV  
  117  9:42  Medivac  
  117  9:43  Marine x2  
  117  9:44  Marauder  
  117  9:45  Marine, SCV  
  110  9:57  Marine  
  110  9:58  Marine x2  
  110  9:59  Medivac, Marine  
  116  10:00  Marine  
  116  10:04  Marine x2  
  117  10:09  Marauder  
  117  10:12  Medivac  
  116  10:14  Marine  
  116  10:16  Marine  
  117  10:25  Marine x5  
  119  10:29  Medivac, Marine  
  119  10:31  Widow Mine  
  119  10:32  Widow Mine, Marine  
  119  10:34  Marine  
  128  10:40  Command Center  
  128  10:42  Medivac  
  130  10:43  Marine x5  
  130  10:47  Missile Turret  
  130  10:48  Command Center, Marauder  
  130  10:49  Missile Turret  
  137  10:50  Marine  
  137  10:52  Missile Turret x2  
  137  10:55  Missile Turret  
  138  10:57  Marine  
  138  10:59  Barracks  
  138  11:01  Marine x2  
  138  11:02  Command Center  
  138  11:04  Barracks Tech Lab  
  141  11:07  Terran Infantry Armor Level 1  
  141  11:09  Marauder  
  141  11:28  Marine x3  
  141  11:29  Marine x4  
  141  11:30  Medivac x2, Marine  
  153  11:46  Marine  
  150  11:54  Marine x4  
  152  12:04  Marine x3  
  152  12:05  Marine  
  153  12:11  Marine  
  147  12:24  Marine x5  
  147  12:25  Medivac x2  
  146  12:38  Marine x3  
  146  12:41  Marine  
  146  12:42  Marine x4  
  146  12:55  Medivac x2  
  146  12:56  Marine x3  
  151  13:00  Marine x3  
  151  13:01  Marine x2  
  152  13:06  Barracks Reactor  
  152  13:11  SCV x2  
  152  13:12  SCV  
  155  13:13  Marine  
  155  13:14  Marine  
  151  13:24  Marine x5  
  151  13:25  Medivac x2, Marine  
  151  13:31  Marine x2  
  153  13:41  Marine, SCV  
  153  13:42  Marine x5, SCV x3  
  163  13:49  Marine  
  163  13:51  Marine x3  
  163  13:55  Medivac  
  169  13:59  Marine x2  
  169  14:00  Marine x3  
  174  14:05  Marauder  
  176  14:11  SCV x3  
  176  14:12  Orbital Command  
  176  14:15  Missile Turret  
  176  14:16  Armory  
  179  14:21  Orbital Command  
  179  14:24  Marine x5  
  180  14:25  Marine x4  
  180  14:26  Medivac x2, Marine  
  193  14:34  Missile Turret  
  193  14:39  Missile Turret  
  193  14:41  Missile Turret  
  193  14:42  Marine  
  193  14:43  Marine x6  
  200  14:55  Missile Turret  
Show
View Real Time Build Order
Export as new Build Order

Smacko Protoss 

Build Orders: 1 Gate Expand 

Get SALT Encoding   

  12  0:02  Probe (Chrono Boost)  
  13  0:13  Probe (Chrono Boost)  
  14  0:20  Pylon  
  14  0:23  Probe (Chrono Boost)  
  15  0:38  Probe (Chrono Boost)  
  15  0:39  Gateway  
  16  0:49  Probe (Chrono Boost)  
  17  0:50  Assimilator  
  17  0:59  Probe (Chrono Boost)  
  18  1:10  Probe (Chrono Boost)  
  19  1:27  Nexus  
  19  1:30  Probe (Chrono Boost)  
  20  1:41  Cybernetics Core  
  20  1:50  Pylon  
  20  1:57  Assimilator  
  20  2:01  Pylon  
  20  2:14  Probe (Chrono Boost), Stalker  
  22  2:28  Mothership Core (Chrono Boost)  
  24  2:46  Robotics Facility  
  24  2:48  Probe (Chrono Boost)  
  25  2:55  Probe (Chrono Boost)  
  25  2:57  Stalker  
  27  3:00  Probe (Chrono Boost)  
  29  3:07  Probe (Chrono Boost)  
  29  3:12  Probe (Chrono Boost)  
  31  3:13  Pylon  
  31  3:17  Probe (Chrono Boost)  
  32  3:24  Probe (Chrono Boost)  
  33  3:28  Probe (Chrono Boost)  
  33  3:33  Observer  
  35  3:35  Pylon  
  35  3:38  Probe (Chrono Boost)  
  35  3:40  Probe (Chrono Boost)  
  37  3:49  Probe (Chrono Boost), Twilight Council  
  37  3:54  Observer  
  39  4:01  Pylon  
  39  4:10  Gateway, Warp Gate  
  39  4:12  Gateway  
  39  4:14  Gateway, Resonating Glaives  
  39  4:20  Probe (Chrono Boost)  
  39  4:22  Probe (Chrono Boost)  
  41  4:34  Probe x2 (Chrono Boost)  
  43  4:42  Pylon  
  44  4:46  Probe (Chrono Boost)  
  44  5:01  Assimilator  
  44  5:04  Assimilator  
  44  5:05  Stalker x4  
  52  5:11  Warp Prism  
  54  5:23  Probe x2 (Chrono Boost)  
  56  5:35  Probe x2 (Chrono Boost)  
  58  5:37  Templar Archives, Stalker  
  60  5:47  Probe (Chrono Boost)  
  62  5:51  Probe (Chrono Boost)  
  62  5:59  Probe (Chrono Boost)  
  62  6:03  Probe (Chrono Boost), Pylon  
  63  6:25  Nexus  
  63  6:26  Pylon  
  63  6:27  Psionic Storm  
  63  6:29  Pylon  
  63  6:35  Gateway  
  63  6:37  Probe (Chrono Boost)  
  63  6:38  Probe (Chrono Boost)  
  65  6:43  Pylon  
  65  6:49  Probe (Chrono Boost)  
  65  6:50  Probe (Chrono Boost)  
  67  6:59  Adept  
  67  7:00  Adept x3  
  77  7:02  Probe x2 (Chrono Boost)  
  77  7:14  Probe x2 (Chrono Boost)  
  75  7:23  Adept x4  
  75  7:26  Probe x2 (Chrono Boost)  
  81  7:40  Probe x2 (Chrono Boost), High Templar  
  83  8:00  High Templar x3  
  83  8:01  High Templar  
  83  8:03  Probe (Chrono Boost)  
  83  8:04  Probe x2 (Chrono Boost)  
  88  8:12  Gateway  
  86  8:13  Gateway  
  86  8:15  Gateway  
  86  8:16  Probe x2 (Chrono Boost)  
  86  8:17  Gateway  
  88  8:20  High Templar  
  88  8:23  Probe (Chrono Boost)  
  93  8:27  Assimilator  
  93  8:28  Probe x2 (Chrono Boost)  
  93  8:30  Forge  
  93  8:32  Assimilator  
  93  8:38  Forge  
  93  8:40  Stargate  
  93  8:53  High Templar  
  93  8:54  High Templar x2  
  99  8:57  Blink  
  99  9:03  Stalker x2  
  61  9:33  Adept x2  
  61  9:34  Adept x4  
  61  9:35  Adept x3  
  63  9:59  High Templar x4  
  69  10:15  Pylon  
  69  10:20  Pylon  
  67  10:22  Protoss Ground Armor Level 1, Protoss Ground Weapons Level 1  
  64  10:40  Pylon  
  64  10:41  Adept x3  
  64  10:42  Adept  
  72  10:43  Pylon  
  72  10:44  Probe (Chrono Boost)  
  72  10:45  Probe x2 (Chrono Boost)  
  77  10:57  Probe x2 (Chrono Boost)  
  77  10:59  Mothership Core (Chrono Boost)  
  77  11:03  Adept x4  
  89  11:11  Probe x2 (Chrono Boost)  
  89  11:17  Probe (Chrono Boost)  
  90  11:23  Probe (Chrono Boost)  
  90  11:24  Probe (Chrono Boost)  
  84  11:27  Probe (Chrono Boost)  
  85  11:34  High Templar  
  85  11:36  Probe x2 (Chrono Boost)  
  48  12:13  Adept x6  
  48  12:14  Adept x2  
  58  12:16  Probe (Chrono Boost)  
  58  12:18  Probe (Chrono Boost)  
  53  12:35  High Templar x2  
  33  12:56  Zealot x6  
  41  13:03  Archon  
  35  13:33  Probe (Chrono Boost)  
  37  13:35  Probe (Chrono Boost)  
  37  13:39  High Templar x2  
  41  13:47  Probe (Chrono Boost)  
  42  13:57  Nexus  
  42  13:58  Nexus  
  42  14:01  Probe x2 (Chrono Boost)  
  44  14:09  Pylon  
  44  14:11  Probe x2 (Chrono Boost)  
  46  14:21  High Templar x2  
  46  14:22  Probe (Chrono Boost)  
  46  14:23  Probe (Chrono Boost)  
  52  14:32  Probe (Chrono Boost)  
  52  14:33  Probe (Chrono Boost)  
  54  14:43  Probe (Chrono Boost)  
  54  14:44  Probe (Chrono Boost)  
  56  14:47  High Templar  
  58  14:53  Probe (Chrono Boost)  
  58  14:54  Probe (Chrono Boost)  
  58  14:58  Dark Shrine  
  60  15:04  Probe (Chrono Boost)  
Tags
 
Add a new tag
Caveats
  • Supply blocks, unpowered buildings, or Contaminate may cause inaccurate times.
  • Supply counts are checked every 10 seconds.